Map: At Eternity's Edge LE

Players

ViBE - Winner!

  • Race: Zerg Zerg
  • League: Master

DuckODeath

  • Race: Protoss Protoss
  • League: Silver

VOD

Have the link to the VOD?

Description

Time

  • Played on: Oct. 13, 2026, 7:05 p.m.
  • Length: 16:20
Show
View Real Time Build Order
Export as new Build Order

ViBE Zerg - Winner!

Build Orders: Hatch First 

Get SALT Encoding   

  12  0:00  Drone  
  13  0:12  Overlord  
  13  0:16  Drone  
  14  0:30  Drone  
  14  0:31  Drone  
  16  0:36  Drone  
  17  0:52  Hatchery  
  17  0:54  Drone  
  17  0:58  Drone  
  18  1:10  Spawning Pool  
  17  1:13  Drone  
  17  1:17  Drone  
  19  1:28  Drone  
  20  1:39  Drone  
  21  1:45  Extractor  
  20  1:50  Drone  
  21  2:03  Queen  
  21  2:04  Queen  
  21  2:05  Overlord  
  21  2:06  Drone  
  26  2:17  Drone x2  
  28  2:24  Drone  
  28  2:26  Drone  
  30  2:33  Drone  
  31  2:37  Drone  
  32  2:45  Queen  
  32  2:47  Drone  
  32  2:48  Lair  
  32  2:49  Drone  
  36  2:55  Overlord  
  36  3:01  Roach Warren  
  36  3:04  Drone  
  36  3:07  Overlord  
  36  3:15  Drone x7  
  43  3:31  Extractor x2  
  43  3:33  Overlord  
  41  3:36  Drone x3  
  44  3:42  Drone  
  44  3:43  Drone  
  44  3:46  Drone x5  
  51  3:59  Glial Reconstitution  
  51  4:01  Hatchery  
  51  4:02  Overlord x2  
  50  4:10  Roach  
  50  4:11  Roach  
  54  4:19  Roach x3  
  54  4:20  Roach  
  54  4:21  Roach  
  64  4:32  Overlord  
  64  4:33  Overlord  
  64  4:35  Drone x3  
  67  4:44  Queen  
  69  4:48  Drone x7  
  77  4:52  Drone  
  77  4:57  Drone  
  77  4:58  Drone  
  79  5:13  Hydralisk Den  
  78  5:16  Evolution Chamber  
  78  5:17  Drone  
  78  5:18  Drone x2  
  78  5:19  Evolution Chamber  
  79  5:25  Drone x8  
  87  5:29  Extractor  
  87  5:30  Extractor, Drone  
  86  5:43  Grooved Spines  
  86  5:45  Hatchery  
  86  5:49  Zerg Missile Weapons Level 1, Zerg Ground Armor Level 1  
  85  5:50  Overlord x3  
  85  5:53  Drone x3  
  88  6:02  Drone x2  
  88  6:04  Extractor  
  89  6:05  Hydralisk x4  
  89  6:06  Overlord x3  
  89  6:07  Overlord  
  97  6:33  Hydralisk x5  
  97  6:34  Hydralisk x7, Muscular Augments  
  97  6:35  Hydralisk  
  97  6:38  Hydralisk  
  125  6:46  Overlord x4  
  125  7:02  Hydralisk x7  
  125  7:04  Hydralisk  
  125  7:07  Overlord  
  141  7:18  Hydralisk x4  
  149  7:37  Hydralisk x6  
  149  7:38  Hydralisk  
  163  7:47  Hydralisk x3  
  169  7:51  Hydralisk  
  171  8:06  Drone  
  171  8:07  Extractor, Drone x14  
  171  8:11  Extractor  
  180  8:18  Hatchery  
  179  8:30  Zerg Missile Weapons Level 2, Zerg Ground Armor Level 2  
  179  8:35  Infestation Pit  
  178  8:41  Hydralisk x7  
  178  8:42  Hydralisk  
  178  8:45  Hydralisk  
  178  8:47  Hydralisk  
  198  8:49  Hydralisk  
  200  9:12  Hive  
  192  9:36  Hydralisk  
  192  9:37  Hydralisk x10  
  186  9:47  Hydralisk x8  
  146  10:12  Hydralisk x13  
  146  10:13  Hydralisk  
  174  10:21  Hydralisk x3  
  174  10:22  Hydralisk  
  174  10:23  Hydralisk  
  184  10:34  Drone x9  
  193  10:38  Hydralisk x3  
  199  10:47  Extractor x2  
  197  10:51  Hydralisk  
  199  10:59  Zerg Missile Weapons Level 3, Zerg Ground Armor Level 3  
  179  11:54  Hydralisk  
  179  11:55  Hydralisk x10  
  179  11:57  Hydralisk  
  189  12:10  Hydralisk  
  189  12:11  Hydralisk x4  
  189  12:13  Drone, Hydralisk  
  189  12:14  Hydralisk  
  196  12:35  Hatchery  
  195  12:39  Hydralisk x2  
  199  13:54  Unknown  
  199  14:27  Hatchery  
  199  14:28  Hatchery  
  197  14:39  Hydralisk  
  199  15:57  Hatchery  
Show
View Real Time Build Order
Export as new Build Order

DuckODeath Protoss 

Build Orders: 1 Gate Expand 

Get SALT Encoding   

  12  0:06  Probe  
  13  0:18  Probe (Chrono Boost)  
  13  0:19  Pylon  
  15  0:30  Probe (Chrono Boost)  
  15  0:36  Probe (Chrono Boost)  
  16  0:43  Gateway  
  16  0:45  Probe  
  17  0:57  Probe  
  17  1:02  Assimilator  
  18  1:09  Probe  
  19  1:23  Nexus  
  19  1:31  Pylon  
  19  1:36  Assimilator  
  19  1:41  Probe  
  20  1:53  Cybernetics Core  
  20  1:59  Probe  
  21  2:11  Probe  
  21  2:12  Pylon  
  22  2:23  Probe  
  23  2:35  Probe  
  24  2:37  Probe  
  24  2:41  Stalker  
  27  2:47  Warp Gate  
  27  2:48  Probe (Chrono Boost)  
  27  2:49  Probe (Chrono Boost)  
  30  2:59  Probe (Chrono Boost)  
  30  3:01  Probe (Chrono Boost)  
  30  3:02  Gateway  
  30  3:04  Probe (Chrono Boost)  
  31  3:05  Probe (Chrono Boost)  
  31  3:11  Stalker  
  35  3:15  Probe (Chrono Boost)  
  35  3:16  Probe (Chrono Boost)  
  37  3:26  Probe (Chrono Boost)  
  39  3:27  Probe (Chrono Boost)  
  39  3:30  Gateway  
  39  3:32  Probe (Chrono Boost)  
  39  3:33  Probe (Chrono Boost), Gateway  
  41  3:42  Sentry  
  41  3:44  Probe  
  41  3:47  Probe  
  45  3:52  Pylon  
  45  3:57  Probe, Assimilator  
  45  3:59  Probe, Assimilator  
  47  4:12  Nexus  
  47  4:15  Pylon  
  47  4:16  Probe x2  
  49  4:28  Probe x2  
  49  4:29  Robotics Facility  
  51  4:40  Probe x2  
  51  4:43  Stalker  
  51  4:44  Stalker x2  
  51  4:45  Stalker  
  61  4:52  Probe x2  
  63  5:04  Probe  
  63  5:05  Probe  
  65  5:16  Probe  
  65  5:17  Probe, Stalker  
  69  5:24  Pylon  
  69  5:28  Pylon  
  69  5:31  Stalker x2  
  69  5:32  Pylon, Stalker  
  75  5:44  Pylon  
  75  5:46  Probe (Chrono Boost)  
  75  5:47  Pylon, Probe (Chrono Boost)  
  75  5:49  Probe (Chrono Boost)  
  78  5:52  Pylon  
  79  5:58  Probe (Chrono Boost)  
  79  5:59  Probe (Chrono Boost)  
  79  6:01  Probe (Chrono Boost)  
  81  6:07  Stargate  
  81  6:17  Forge  
  81  6:18  Forge  
  81  6:19  Twilight Council  
  81  6:23  Pylon, Probe x3  
  84  6:28  Pylon, Stalker x2  
  84  6:29  Stalker x2  
  84  6:32  Immortal  
  96  6:35  Probe x3  
  99  6:45  Nexus  
  99  6:47  Probe x3  
  99  6:48  Pylon  
  102  6:59  Probe x3  
  105  7:01  Stalker x3  
  105  7:02  Stalker  
  113  7:11  Observer  
  113  7:13  Gateway  
  113  7:14  Gateway x2  
  114  7:20  Shield Battery  
  114  7:25  Photon Cannon  
  114  7:27  Assimilator, Photon Cannon, Probe x2  
  114  7:28  Probe  
  117  7:31  Assimilator  
  117  7:33  Stalker x4  
  117  7:36  Immortal  
  129  7:39  Probe x2  
  129  7:40  Probe  
  132  7:51  Probe  
  132  7:54  Fleet Beacon  
  132  7:58  Pylon  
  133  8:02  Pylon  
  133  8:05  Stalker x4  
  137  8:06  Stalker x3, Pylon  
  147  8:19  Charge  
  147  8:21  Protoss Ground Weapons Level 1 (Chrono Boost)  
  147  8:22  Protoss Ground Armor Level 1 (Chrono Boost)  
  147  8:29  Probe x4  
  151  8:36  Stalker  
  151  8:37  Stalker x5  
  151  8:38  Stalker  
  151  8:41  Immortal  
  169  8:47  Pylon  
  169  8:53  Gateway, Pylon  
  169  8:55  Gateway x2  
  169  8:57  Shield Battery  
  169  9:00  Photon Cannon  
  169  9:02  Assimilator  
  169  9:03  Assimilator  
  159  9:25  Stalker x2  
  159  9:26  Stalker x5  
  122  9:48  Stalker x3  
  122  9:49  Stalker x4  
  122  9:50  Stalker  
  120  9:58  Probe x2  
  120  9:59  Probe  
  104  10:10  Probe x2  
  104  10:11  Probe  
  104  10:12  Nexus  
  107  10:14  Stalker x4  
  107  10:15  Stalker x4, Pylon  
  107  10:17  Warp Prism, Pylon  
  125  10:21  Pylon  
  125  10:22  Probe  
  125  10:23  Probe  
  127  10:43  Nexus  
  127  10:45  Pylon, Probe (Chrono Boost)  
  127  10:46  Probe (Chrono Boost)  
  127  10:47  Pylon  
  127  10:48  Probe (Chrono Boost)  
  127  10:49  Pylon  
  130  10:50  Protoss Air Weapons Level 1  
  130  10:52  Blink  
  130  10:56  Protoss Ground Weapons Level 2 (Chrono Boost), Protoss Ground Armor Level 2 (Chrono Boost), Probe (Chrono Boost)  
  133  10:57  Probe (Chrono Boost)  
  133  10:58  Probe (Chrono Boost), Carrier  
  133  11:01  Probe (Chrono Boost)  
  134  11:09  Stalker x2  
  144  11:30  Probe  
  144  11:31  Probe x2  
  147  11:34  Gateway  
  147  11:37  Gateway  
  147  11:38  Probe  
  147  11:39  Assimilator, Gateway  
  146  11:43  Probe  
  146  11:44  Assimilator  
  127  11:52  Stalker x4  
  127  11:53  Stalker x3  
  127  11:54  Stalker  
  86  12:16  Immortal  
  86  12:20  Stalker x3  
  86  12:21  Stalker x2  
  66  12:40  Stalker x2  
  66  12:41  Stalker  
  61  12:55  Stalker x2  
  43  13:31  Stalker  
  43  13:32  Stalker x4  
  38  14:05  Zealot x3  
  19  14:32  Zealot x3  
  19  14:37  Probe  
  25  14:49  Probe  
  26  15:01  Probe  
  26  15:04  Cybernetics Core  
  27  15:17  Nexus  
  27  15:18  Zealot  
  27  15:19  Zealot x2, Pylon  
  18  15:21  Pylon  
  18  15:25  Pylon  
  18  15:27  Pylon  
Tags
 
Add a new tag
Caveats
  • Supply blocks, unpowered buildings, or Contaminate may cause inaccurate times.
  • Supply counts are checked every 10 seconds.